 Dungeon Crawl Stone Soup version 0.32-a0-996-gb3226c233f (webtiles) character file.

Game seed: 11158354433208272993

5786 Fodor the Basher (level 10, 0/86 HPs)
             Began as a Minotaur Fighter on Apr 23, 2024.
             Was an Initiate of Gozag.
             Slain by an unseen horror (2 damage)
             ... on level 8 of the Dungeon.
             The game lasted 00:19:44 (6976 turns).

Fodor the Basher (Minotaur Fighter)                 Turns: 6976, Time: 00:19:45

Health: 0/86       AC: 13    Str: 25    XL:     10   Next: 50%
Magic:  9/9        EV: 10    Int:  8    God:    Gozag
Gold:   680        SH:  5    Dex: 12    Spells: 9/9 levels left

rFire   . . .        A - +2 flail (heavy)
rCold   . . .        c - +0 buckler
rNeg    . . .        R - +5 scale mail of Zyog {Int+3 Dex+2}
rPois   .            (helmet currently unavailable)
rElec   .            (cloak currently unavailable)
rCorr   .            (gloves currently unavailable)
SInv    .            (boots currently unavailable)
Will    .....        (no amulet) Stlth
                     (no ring)
HPRegen 0.34/turn    (no ring)
MPRegen 0.11/turn

%: no passive effects
@: beast-form, studying Maces & Flails
A: beast (slay +2), horns 2, retaliatory headbutt
a: Begin Untransformation, Renounce Religion, Potion Petition, Call Merchant,
Bribe Branch


You were on level 8 of the Dungeon.
You worshipped Gozag.
Gozag was pleased with you.
You were a hulking beast.
You visited 2 branches of the dungeon, and saw 9 of its levels.
You also visited: Sewer.

You collected 840 gold pieces.
You paid 160 gold pieces to Gozag.

Inventory:

Hand Weapons
 a - a +0 war axe
 y - a +0 orcbow
 A - a +2 heavy flail (weapon)
Missiles
 P - 9 poisoned darts (quivered)
Armour
 c - a +0 buckler (worn)
 s - a +0 pair of gloves
 C - a +3 chain mail
 G - a +2 cloak of preservation
 R - the +5 scale mail of Zyog (worn) {Int+3 Dex+2}
   (You found it on level 7 of the Dungeon)

   Int+3:     It affects your intelligence (+3).
   Dex+2:     It affects your dexterity (+2).
Jewellery
 q - a ring of wizardry
 u - a +5 ring of evasion
 H - a +6 ring of intelligence
Talismans
 m - a beast talisman (active)
 p - a flux talisman
Wands
 g - a wand of polymorph (13)
 F - a wand of iceblast (4)
 Q - a wand of light (5)
Scrolls
 e - a scroll of acquirement {unknown}
 h - 2 scrolls of immolation
 i - 3 scrolls of teleportation
 j - 2 scrolls of fog {unknown}
 l - a scroll of fear {unknown}
 o - 2 scrolls of blinking
 r - a scroll of revelation {unknown}
 z - 2 scrolls of poison {unknown}
 D - a scroll of vulnerability {unknown}
 E - a scroll of brand weapon {unknown}
 J - 2 scrolls of amnesia {unknown}
 N - a scroll of identify
Potions
 b - 4 potions of haste {unknown}
 d - 2 potions of might
 f - 2 potions of degeneration {unknown}
 k - 6 potions of curing {unknown}
 n - 2 potions of heal wounds {unknown}
 t - a potion of mutation {unknown}
 v - 3 potions of brilliance {unknown}
 w - a potion of enlightenment {unknown}
 x - 3 potions of invisibility {unknown}
 B - a potion of ambrosia {unknown}
 I - a potion of berserk rage {unknown}
 K - a potion of magic {unknown}
 L - a potion of resistance {unknown}
 M - a potion of cancellation {unknown}
 O - a potion of lignification {unknown}


   Skills:
 + Level 7.5 Fighting
 + Level 5.7(10.1) Axes
 + Level 12.9(13.4) Maces & Flails
 + Level 10.2 Armour
 + Level 4.2 Dodging
 + Level 1.0 Stealth
 + Level 7.7 Shields
 + Level 3.8 Shapeshifting


You had 9 spell levels left.
You didn't know any spells.
Your spell library contained the following spells:

 Spells                   Type           Power      Damage    Failure   Level
 Kiss of Death            Conj/Necr      0%         2d5       71%         1
 Jinxbite                 Hex            0%         N/A       83%         2
 Confusing Touch          Hex            0%         N/A       97%         3
 Frozen Ramparts          Ice            0%         1d1       97%         3
 Ozocubu's Armour         Ice            0%         N/A       97%         3
 Summon Ice Beast         Ice/Summ       0%         N/A       97%         3
 Dispel Undead            Necr           0%         3d6       100%        4
 Metabolic Englaciation   Hex/Ice        0%         N/A       100%        5
 Summon Mana Viper        Hex/Summ       0%         N/A       100%        5
 Yara's Violent Unravell  Hex/Alch       0%         3d3       100%        5
 Enfeeble                 Hex            0%         N/A       100%        7
 Malign Gateway           Summ/Tloc      0%         N/A       100%        7
 Monstrous Menagerie      Summ           0%         N/A       100%        7
 Summon Horrible Things   Summ           0%         N/A       100%        8
 Chain Lightning          Conj/Air       0%         N/A       100%        9
 Fire Storm               Conj/Fire      0%         5d1       100%        9
 Shatter                  Erth           0%         3d5*      100%        9


Dungeon Overview and Level Annotations

Branches:
Dungeon (8/15)             Temple (1/1) D:7           Sewer (visited)
   Lair: D:8-11

Altars:
Ashenzari
Cheibriados
Dithmenos
Elyvilon
Fedhas
Gozag
Kikubaaqudgha
Nemelex Xobeh
Okawaru
Qazlal
Ru
Sif Muna
Trog
Uskayaw
Vehumet
Wu Jian
Xom
Yredelemnul
Zin
The Shining One

Shops:
D:7 (


Innate Abilities, Weirdness & Mutations

You are a hulking beast.
Your limbs bulge with bestial killing power. (Slay +2)
You have a pair of horns on your head.
You reflexively headbutt those who attack you in melee.


Message History

The centaur warrior hits you with a staff of cold!
* * * LOW HITPOINT WARNING * * *
The centaur warrior freezes you.
* * * LOW HITPOINT WARNING * * *
The centaur warrior closely misses you.
You bludgeon the centaur warrior!!
You kill the centaur warrior!
You now have 667 gold pieces (gained 41).
Things that are here:
a staff of cold; a +0 shortbow You now have 680 gold pieces (gained 13).
You start resting.
Something hits you.
* * * LOW HITPOINT WARNING * * *
Deactivating autopickup; reactivate with Ctrl-A.
Something hits you but does no damage.
You barely miss something. You headbutt something!
Something hits you but does no damage. Something hits you but does no damage.
Things that are here:
a staff of cold; a +0 shortbow Something hits you but does no damage.
You block something's attack. Something hits you but does no damage.
You block something's attack. Something hits you but does no damage.
Something hits you.
* * * LOW HITPOINT WARNING * * *
Things that are here:
a staff of cold; a +0 shortbow Something hits you but does no damage.
You sock something! You headbutt something. Something hits you.
* * * LOW HITPOINT WARNING * * *
Something hits you but does no damage. x2
Something hits you.
* * * LOW HITPOINT WARNING * * *
Something hits you but does no damage. Something hits you.
* * * LOW HITPOINT WARNING * * *
Something hits you.
You die...
Your body crumbles into a pile of gold.

............
.###.####### ## ##
.#.....# . ##.
.#.....# c# #....
.#..#..# #...#h#!#
.#.....# #....##
.#.....# ##$.#
.###.### ###|###
.#..#..# #.#h.##
.#.[##.# ##..#.#
.###.#.# #.$#..#
.#.##..# #.#..##
#.....# ##..#.#
###.###########.###
#..)..#..)..#.....#
#.##..##.##.#.#.#.#
#. ##..##.##......#


There were no monsters in sight!

Vanquished Creatures
  A centaur warrior (D:8)
  A manticore (D:8)
  A gargoyle (D:7)
  4 yaks (D:8)
  2 wyverns (D:8)
  A steam dragon (D:8)
  5 water moccasins
  4 ice beasts
  2 sky beasts
  2 black bears (D:5)
  2 ogres
  5 centaurs
  A phantom (D:7)
  3 kobold brigands
  2 bullfrogs (D:6)
  3 scorpions
  A killer bee (D:8)
  2 howler monkeys
  3 bombardier beetles
  4 jellies
  6 hounds
  2 orc priests
  2 sleepcaps
  Crazy Yiuf (D:5)
  4 orc wizards
  Robin (D:2)
  5 gnolls
  8 adders
  3 river rats (Sewer)
  2 shadow imps
  A white imp (D:7)
  4 ufetubi
  4 dart slugs
  6 ribbon worms
  18 orcs
  10 ball pythons
  5 bats
  10 endoplasms
  6 giant cockroaches
  13 goblins
  11 hobgoblins
  5 jackals
  8 quokkas
  14 frilled lizards
  10 kobolds
  8 rats
216 creatures vanquished.

Notes
Turn   | Place    | Note
-------+----------+-------------------------------------------
     0 | D:1      | Fodor the Minotaur Fighter began the quest for the Orb.
     0 | D:1      | Reached XP level 1. HP: 19/19 MP: 0/0
   153 | D:1      | Reached XP level 2. HP: 25/27 MP: 1/1
   224 | D:1      | Found a faded altar of an unknown god.
   801 | D:1      | Reached XP level 3. HP: 33/33 MP: 2/2
  1024 | D:2      | Noticed Robin
  1040 | D:2      | Killed Robin
  1277 | D:2      | Noticed a scorpion
  1281 | D:2      | Killed a scorpion
  1282 | D:2      | Reached XP level 4. HP: 40/40 MP: 3/3
  1723 | D:3      | Reached skill level 5 in Armour
  1723 | D:3      | Reached XP level 5. HP: 30/46 MP: 4/4
  1876 | D:3      | Reached skill level 1 in Dodging
  2704 | D:4      | Noticed a centaur
  2704 | D:4      | Noticed a centaur
  2721 | D:4      | Reached XP level 6. HP: 21/53 MP: 5/5
  2724 | D:4      | Reached skill level 5 in Axes
  2731 | D:4      | Reached skill level 1 in Shapeshifting
  3100 | D:4      | Found a sacrificial altar of Ru.
  3138 | D:4      | Found a broken altar of Ashenzari.
  3434 | D:4      | Found a snail-covered altar of Cheibriados.
  3502 | D:4      | Found a bloodstained altar of Trog.
  3608 | D:4      | Reached skill level 1 in Maces & Flails
  3608 | D:4      | Reached XP level 7. HP: 60/60 MP: 6/6
  3639 | D:4      | Identified the +1 leather armour "Huicvet" {Rampage Will-
                  | Dex+3}
  3671 | D:5      | Entered Level 5 of the Dungeon
  3762 | D:5      | Found an ornate altar of the Wu Jian Council.
  3773 | D:5      | Found a shimmering altar of Xom.
  3880 | D:5      | Reached skill level 5 in Fighting
  3880 | D:5      | Reached skill level 2 in Maces & Flails
  3901 | D:5      | Reached skill level 3 in Maces & Flails
  3979 | D:5      | Reached skill level 4 in Maces & Flails
  3987 | D:5      | Found a shadowy altar of Dithmenos.
  4076 | D:5      | Reached skill level 5 in Maces & Flails
  4076 | D:5      | Reached XP level 8. HP: 63/68 MP: 7/7
  4102 | D:5      | Reached skill level 6 in Maces & Flails
  4291 | D:5      | Found a runed translucent door.
  4292 | D:5      | Noticed Crazy Yiuf
  4298 | D:5      | Killed Crazy Yiuf
  4396 | D:5      | Reached skill level 7 in Maces & Flails
  4396 | D:5      | Reached skill level 5 in Shields
  4617 | D:6      | Reached skill level 8 in Maces & Flails
  4715 | D:6      | Reached skill level 9 in Maces & Flails
  4863 | D:6      | Reached XP level 9. HP: 59/75 MP: 8/8
  4876 | D:6      | Found a glowing drain.
  4911 | Sewer    | Entered a sewer
  5072 | Sewer    | Found a shimmering altar of Xom.
  5593 | D:7      | Reached skill level 10 in Maces & Flails
  5673 | D:7      | Noticed a gargoyle
  5683 | D:7      | Killed a gargoyle
  5977 | D:7      | Found a staircase to the Ecumenical Temple.
  6036 | Temple   | Entered the Ecumenical Temple
  6056 | Temple   | Became a worshipper of Gozag Ym Sagoz the Greedy
  6105 | D:7      | Found Kilotas's Antique Weapon Shop.
  6314 | D:7      | Found an iron altar of Okawaru.
  6323 | D:7      | Found a radiant altar of Vehumet.
  6387 | D:7      | Reached skill level 11 in Maces & Flails
  6401 | D:7      | Identified the +5 scale mail of Zyog {Int+3 Dex+2}
  6596 | D:8      | Noticed a manticore
  6604 | D:8      | Killed a manticore
  6605 | D:8      | Reached XP level 10. HP: 22/84 MP: 9/9
  6821 | D:8      | Reached skill level 1 in Stealth
  6823 | D:8      | Reached skill level 12 in Maces & Flails
  6937 | D:8      | Reached skill level 10 in Armour
  6937 | D:8      | Noticed a centaur warrior
  6948 | D:8      | Killed a centaur warrior
  6974 | D:8      | HP: 3/86 [something (5)]
  6976 | D:8      | Slain by an unseen horror

Illustrated notes

Levels and vault maps discovered:
D:1:      roderic_chinese_lattice_arrival, layout_loops_corners,
          hellmonk_ecumenical_altar_heavens_door
D:2:      layout_loops_ring, uniq_robin
D:3:      layout_basic
D:4:      layout_loops_ring, lemuel_coloured_pillars_altar,
          nicolae_ru_great_annihilating_truth, marbit_many_paths, slow_altar_1,
          minmay_manual_mares
D:5:      layout_rooms, lemuel_tele_altar, mainiacjoe_overflow_small_starburst,
          mainiacjoe_overflow_brackets, kennysheep_dice, uniq_crazy_yiuf_cottage
D:6:      layout_rooms, cheibrodos_sewer_entry_bend
D:7:      layout_gridville, mainiacjoe_overflow_swirl, temple_pool_b,
          serial_shops, nicolae_shop_dealshenge, serial_demonic,
          serial_demonic_f, serial_demonic_b, serial_demonic_g,
          serial_demonic_b, serial_demonic_f, serial_demonic_b, serial_demonic_e
D:8:      minmay_the_grid_square_5x5_3x3 [minmay_the_grid_square_5x5_one_wall,
          minmay_the_grid_square_5x5_minivault,
          minmay_the_grid_square_5x5_inner_v, minmay_the_grid_square_5x5_comb,
          minmay_the_grid_square_5x5_megaprize_open,
          minmay_the_grid_square_5x5_z, minmay_the_grid_square_5x5_shuriken,
          minmay_the_grid_square_5x5_lines, minmay_the_grid_square_5x5_meh],
          layout_basic, hellmonk_ghost_happy_afterlife, serial_shops, shop,
          shop, nicolae_shop_tiny_real_fake_doors,
          chequers_serial_rivers_micro_c, hangedman_decor_diamond_cutter,
          kennysheep_doodads, dreamdust_mushroom_princess
Temple:   nicolae_temple_ecumenical_triangle

Skill      XL: |  1  2  3  4  5  6  7  8  9 10 |
---------------+-------------------------------+-----
Armour         | 4 5 6 7 9 10 | 10.2
Shields        | 4 5 7 |  7.7
Fighting       | 4 5 6 7 |  7.5
Axes           | 4 5 |  5.7
Dodging        | 1 2 3 4 |  4.2
Shapeshifting  | 1 2 3 |  3.8
Maces & Flails | 1 5 9 11 12 | 12.9
Stealth        | 1 |  1.0

Action                     |  1- 3 |  4- 6 |  7- 9 | 10-12 || total
---------------------------+-------+-------+-------+-------++-------
  Melee: War axe           |    67 |   108 |       |       ||   175
         Headbutt          |     5 |    14 |    38 |     7 ||    64
         Flail             |       |    26 |   190 |    44 ||   260
  Evoke: Wand              |       |       |       |     1 ||     1
    Use: Scroll            |       |       |     7 |       ||     7
   Stab: Paralysed         |       |     1 |       |       ||     1
 Armour: Scale mail        |    56 |   117 |    32 |    60 ||   265
         Chain mail        |       |       |   240 |       ||   240
  Dodge: Dodged            |    42 |    65 |   129 |    20 ||   256
  Block: Buckler           |    19 |    31 |    84 |    14 ||   148
   Form: Beast             |     1 |       |     1 |       ||     2
                           |       |       |     1 |       ||     1

Table legend: (Time is in decaauts)
 A = Elapsed time spent in this place.
 B = Non-inter-level travel time spent in this place.
 C = Inter-level travel time spent in this place.
 D = Time resting spent in this place.
 E = Time spent auto-exploring this place.
 F = Levels seen in this place.
 G = Mean time per level.
                   A        B        C        D        E       F      G
               +--------+--------+--------+--------+--------+-----+--------+
         Total |   7193 |   7149 |     44 |    505 |   4042 |  10 |  719.3 |
       Dungeon |   6857 |   6813 |     44 |    505 |   3983 |   8 |  857.1 |
        Temple |     38 |     38 |      0 |      0 |      0 |   1 |   38.0 |
         Sewer |    297 |    297 |      0 |      0 |     59 |   1 |  297.0 |
               +--------+--------+--------+--------+--------+-----+--------+

Top non-repeatable levels by time:
     D:3: 1058 daAuts
     D:1: 1032 daAuts
     D:4: 992 daAuts
     D:7: 964 daAuts
     D:5: 944 daAuts
     D:2: 669 daAuts
     D:6: 633 daAuts
     D:8: 562 daAuts
   Sewer: 297 daAuts
  Temple: 38 daAuts
